 Dungeon Crawl Stone Soup version 0.26-a0-652-gafc20e3620 (webtiles) character file.

Game seed: 9926214402051309823

260 ringo67 the Insei (level 6, -7/43 HPs)
             Began as an Octopode Transmuter on Oct 3, 2020.
             Was a Believer of Ru.
             Splashed by a jelly's acid (10 damage)
             ... on level 7 of the Dungeon.
             The game lasted 00:14:48 (6930 turns).

ringo67 the Insei (Octopode Transmuter)             Turns: 6930, Time: 00:14:50

Health: -7/43      AC: -15   Str: 11    XL:     6   Next: 17%
Magic:  9/9        EV: 17    Int: 15    God:    Ru [**....]
Gold:   221        SH:  0    Dex: 13    Spells: 1/9 levels left

rFire    + . .     SeeInvis .     - Unarmed
rCold    . . .     Faith    .   (no shield)
rNeg     . . .     Spirit   .   x - +0 hat
rPois    .         Reflect  .   p - amulet of regeneration
rElec    .         Harm     .   i - ring of protection from fire
rCorr    .         Rampage  .   k - +4 ring of evasion
MR       .....                  m - ring of stealth
Stlth    +++.......             (no ring)
HPRegen  0.54/turn              (no ring)
MPRegen  0.11/turn              (no ring)
                                (no ring)
                                (no ring)

@: corroded
A: almost no armour, stealthy swim, amphibious, 8 rings, constrict 8, camouflage
1, gelatinous body 1, inexperienced 1
a: Renounce Religion


You were on level 7 of the Dungeon.
You worshipped Ru.
Ru was pleased with you.
You visited 2 branches of the dungeon, and saw 8 of its levels.

You collected 275 gold pieces.
You spent 54 gold pieces at shops.

Inventory:

Missiles
 c - 7 boomerangs
 s - 13 poisoned darts (quivered)
Armour
 e - a +0 buckler
 x - a +0 hat (worn)
Jewellery
 i - a ring of protection from fire (left tentacle)
 k - a +4 ring of evasion (right tentacle)
 m - a ring of stealth (on tentacle)
 p - an amulet of regeneration (around mantle)
Wands
 w - a wand of disintegration (15)
Scrolls
 d - 2 scrolls of noise {unknown}
 f - 5 scrolls of teleportation
 g - 4 scrolls of immolation {unknown}
 l - a scroll of amnesia {unknown}
 n - a scroll of blinking {unknown}
 q - 5 scrolls of remove curse
 r - 2 scrolls of enchant armour {unknown}
 t - 2 scrolls of fear {unknown}
 v - 2 scrolls of identify
Potions
 a - a potion of mutation
 h - a potion of berserk rage
 j - a potion of curing
 o - a potion of flight
 u - a potion of cancellation {unknown}


   Skills:
 - Level 4.2 Fighting
 - Level 2.0 Dodging
 + Level 6.9 Unarmed Combat
 - Level 2.0 Spellcasting
 + Level 4.7 Transmutations
 + Level 0.7 Ice Magic
 - Level 1.4 Poison Magic


You had one spell level left.
You knew the following spells:

 Your Spells              Type           Power        Failure   Level
a - Beastly Appendage     Tmut           ###...       3%          1
b - Spider Form           Tmut/Pois      ##........   19%         3
c - Ice Form              Ice/Tmut       #.......     58%         4

Your spell library contained the following spells:

 Spells                   Type           Power        Failure   Level
 Wereblood                Tmut           ###.....     4%          2
 Confusing Touch          Hex            #.......     54%         3
 Gell's Gravitas          Tloc           #.........   54%         3
 Petrify                  Tmut/Erth      #.......     63%         4
 Blade Hands              Tmut           ###.......   65%         5
 Yara's Violent Unravell  Hex/Tmut       #.........   93%         5
 Metabolic Englaciation   Hex/Ice        #.........   99%         5


Dungeon Overview and Level Annotations

Branches:
Dungeon (7/15)             Temple (1/1) D:6

Altars:
Ashenzari
Cheibriados
Dithmenos
Elyvilon
Fedhas
Gozag
Hepliaklqana
Kikubaaqudgha
Makhleb
Nemelex Xobeh
Okawaru
Qazlal
Ru
Sif Muna
Trog
Uskayaw
Vehumet
Wu Jian
Xom
Yredelemnul
Zin
The Shining One

Shops:
D:5 [


Innate Abilities, Weirdness & Mutations

You cannot wear most types of armour.
You are very stealthy in the water. (Stealth+)
You are amphibious.
You can wear up to eight rings at the same time.
You can use your tentacles to constrict eight enemies at once.
Your skin changes colour to match your surroundings (Stealth+).
Your rubbery body absorbs attacks. (AC +1, EV +1)
You are somewhat inexperienced. (-2 XL)


Message History

Your tentacles burn!
The jelly is severely wounded.
The jelly closely misses you.
You tentacle-slap the jelly but do no damage.
Your tentacles burn!
* * * LOW HITPOINT WARNING * * *
The jelly is severely wounded.
The jelly is stunned by your will and fails to attack.
You tentacle-slap the jelly but do no damage.
Your tentacles burn!
* * * LOW HITPOINT WARNING * * *
The jelly is severely wounded.
The jelly misses you.
You tentacle-slap the jelly.
Your tentacles burn!
* * * LOW HITPOINT WARNING * * *
The jelly is severely wounded.
The jelly hits you.
* * * LOW HITPOINT WARNING * * *
The acid corrodes you!
You are splashed with acid!
You die...

......... #.........#
......... #.....5...#
......... #..........
........#### ##..J..[....
#.........#.###...........
..............#.....##.##.
...............5.#.##
...............J####
................@(.#
.......................#
..........##...........#
......................##
.....................##
..........†..........#
...................>?#
.......>..............
.##................


You could see a jelly and a white imp.

Vanquished Creatures
  An ogre (D:4)
  2 scorpions
  A water moccasin skeleton (D:4)
  A howler monkey (D:6)
  A centaur zombie (D:6)
  An orc priest (D:3)
  3 hounds
  2 bullfrog skeletons (D:4)
  2 iguanas
  An orc wizard (D:3)
  4 worker ants
  3 adders
  4 gnolls
  2 shadow imps (D:5)
  An ooze (D:2)
  2 adder skeletons (D:4)
  5 worms
  11 dart slugs
  3 leopard geckos
  15 orcs
  3 ball pythons
  8 giant cockroaches
  13 goblins
  10 hobgoblins
  16 jackals
  4 kobolds
  3 quokkas
  6 bats
  4 frilled lizards
  A jackal skeleton (D:4)
  2 leopard gecko skeletons
  11 rats
146 creatures vanquished.

Notes
Turn   | Place    | Note
-------+----------+-------------------------------------------
     0 | D:1      | ringo67 the Octopode Transmuter began the quest for the
                  | Orb.
     0 | D:1      | Reached XP level 1. HP: 13/13 MP: 3/3
   208 | D:1      | Reached XP level 2. HP: 18/18 MP: 5/5
   553 | D:1      | Reached XP level 3. HP: 14/23 MP: 6/6
  1760 | D:2      | Reached skill level 4 in Unarmed Combat
  1766 | D:2      | Reached XP level 4. HP: 27/29 MP: 7/7
  2632 | D:3      | Reached XP level 5. HP: 29/35 MP: 6/8
  2960 | D:4      | Noticed an ogre
  3219 | D:3      | Reached skill level 5 in Unarmed Combat
  3365 | D:4      | Reached XP level 6. HP: 33/41 MP: 9/9
  3755 | D:4      | Reached XP level 7. HP: 16/46 MP: 10/10
  4209 | D:4      | Reached skill level 6 in Unarmed Combat
  4788 | D:4      | Learned a level 3 spell: Spider Form
  4794 | D:4      | Got a bloodstained whip
  4795 | D:4      | Identified the cursed +3 whip "Ukitac" {drain, rF+} (You
                  | found it on level 4 of the Dungeon)
  4900 | D:5      | Entered Level 5 of the Dungeon
  4995 | D:5      | Found Porirchogg's Armour Shoppe.
  5025 | D:5      | Bought a +0 buckler for 54 gold pieces
  5107 | D:6      | Found a staircase to the Ecumenical Temple.
  5121 | Temple   | Entered the Ecumenical Temple
  5336 | D:6      | Found a sacrificial altar of Ru.
  5339 | D:6      | Became a worshipper of Ru the Awakened
  6010 | D:6      | Reached skill level 1 in Poison Magic
  6194 | D:6      | Reached XP level 8. HP: 47/54 MP: 11/11
  6215 | D:6      | Learned a level 4 spell: Ice Form
  6846 | D:7      | Gained mutation: You are somewhat inexperienced. (-2 XL)
                  | [Ru sacrifice]
  6846 | D:7      | Reached XP level 7. HP: 48/48 MP: 10/10
  6846 | D:7      | Reached XP level 6. HP: 43/43 MP: 9/9
  6846 | D:7      | Reached * piety under Ru
  6846 | D:7      | Reached ** piety under Ru
  6930 | D:7      | Splashed by a jelly's acid

Illustrated notes

Levels and vault maps discovered:
D:1:      zelgadis_glass_arrival_small, layout_loops_corners
D:2:      layout_loops_ring
D:3:      layout_rooms
D:4:      kennysheep_slugbush, layout_rooms, minmay_joined_circles
D:5:      layout_basic, serial_shops, shop, kennysheep_small_spiral,
          nrook_mini_backslash
D:6:      layout_basic, kennysheep_mini, minmay_temple_entry_glassed_door
D:7:      layout_cave_pools
Temple:   nicolae_temple_the_god_donut

Skill      XL: |  1  2  3  4  5  6  7 |
---------------+----------------------+-----
Unarmed Combat | 4 5 6 |  6.9
Fighting       | 2 3 4 |  4.2
Transmutations | 3 4 |  4.7
Poison Magic   | 1 |  1.4
Dodging        | |  2.0
Spellcasting   | |  2.0
Ice Magic      | |  0.7

Action                   |  1- 3 |  4- 6 |  7- 9 || total
-------------------------+-------+-------+-------++-------
Melee: Unarmed           |    98 |   145 |   135 ||   378
       Constrict         |    29 |    33 |    42 ||   104
       Tentacles         |    10 |    20 |    29 ||    59
       Kick              |     4 |    11 |     2 ||    17
       Punch             |     1 |     3 |    11 ||    15
Throw: Boomerang         |     8 |    13 |     2 ||    23
       Dart              |       |     3 |     5 ||     8
 Cast: Beastly Appendage |     3 |     4 |     2 ||     9
Invok: Sacrifice Experie |       |     1 |       ||     1
  Use: Potion            |       |     1 |       ||     1
       Scroll            |       |       |    10 ||    10
 Stab: Sleeping          |     9 |     4 |     8 ||    21
       Distracted        |       |     1 |       ||     1
Armor: Skin              |    10 |     8 |     3 ||    21
Dodge: Dodged            |    57 |    78 |   101 ||   236

Table legend: (Time is in decaauts)
 A = Elapsed time spent in this place.
 B = Non-inter-level travel time spent in this place.
 C = Inter-level travel time spent in this place.
 D = Time resting spent in this place.
 E = Time spent auto-exploring this place.
 F = Levels seen in this place.
 G = Mean time per level.
                   A        B        C        D        E       F      G
               +--------+--------+--------+--------+--------+-----+--------+
         Total |   6909 |   6718 |    191 |   1991 |   3148 |   8 |  863.6 |
       Dungeon |   6706 |   6515 |    191 |   1991 |   3055 |   7 |  958.0 |
        Temple |    202 |    202 |      0 |      0 |     93 |   1 |  202.0 |
               +--------+--------+--------+--------+--------+-----+--------+

Top non-repeatable levels by time:
     D:3: 1954 daAuts
     D:1: 1151 daAuts
     D:2: 949 daAuts
     D:6: 874 daAuts
     D:4: 863 daAuts
     D:5: 733 daAuts
  Temple: 202 daAuts
     D:7: 180 daAuts
